Get step-by-step instructions on how to execute this build order below. Start the game timer, and the build order will tick by so you can play in parallel with StarCraft on a second screen or mobile device.

Game Time

  0:00

Last Step

  N/A

Next Step

Upcoming Step



Don't want to look back and forth between 2 screens? Try out our Overwolf App, the Spawning Tool Build Advisor to get an in-game overlay with this build!

Complete Build Order

  12  0:00  SCV  
  13  0:14  Supply Depot  
  13  0:17  SCV  
  14  0:30  SCV  
  15  0:37  Refinery  
  15  0:48  SCV  
  16  0:54  Barracks  
  16  1:01  Barracks  
  16  1:09  SCV  
  17  1:21  SCV  
  18  1:33  SCV  
  19  1:40  Reaper  
  20  1:48  Reaper  
  20  1:50  Orbital Command  
  21  1:57  Supply Depot  
  21  2:11  Command Center  
  21  2:14  Reaper  
  22  2:21  Reaper  
  23  2:32  SCV  
  24  2:49  Engineering Bay  
  24  2:53  Marine  
  24  2:57  Barracks Tech Lab  
  25  3:03  Barracks  
  25  3:11  Barracks Reactor  
  25  3:25  Combat Shields  
  25  3:27  Orbital Command  
  25  3:33  Command Center  
  25  3:46  SCV, Missile Turret  
  25  3:47  Marine  
  25  3:57  Orbital Command  
  24  4:03  Terran Infantry Weapons Level 1  
  24  4:07  Missile Turret  
  24  4:10  Marine x3  
  24  4:11  Marine  
  28  4:30  Missile Turret  
  28  4:37  Barracks  
  27  4:40  SCV x2  
  27  4:44  Factory  
  27  4:45  Orbital Command  
  29  4:51  Marine  
  30  4:55  Marine x2  
  30  4:56  Refinery, Marine  
  33  5:01  SCV x2, Refinery  
  35  5:09  Marine  
  35  5:13  SCV, Marine  
  38  5:14  SCV x2  
  38  5:15  Marine x2  
  38  5:17  Stimpack  
  42  5:36  Barracks Reactor, Marine x3  
  42  5:37  Marine  
  42  5:38  Factory Tech Lab  
  44  5:55  SCV x3  
  47  6:04  Marine x4  
  47  6:09  Orbital Command  
  50  6:12  SCV x2, Marine x2  
  54  6:21  Marine x2  
  54  6:22  Marine x2  
  54  6:24  SCV  
  59  6:30  Marine x2  
  57  6:33  Siege Tank  
  58  6:40  Terran Infantry Armor Level 1, Starport  
  58  6:45  SCV  
  59  6:56  Marine x3  
  59  7:00  Missile Turret  
  60  7:02  SCV  
  61  7:10  Supply Depot  
  61  7:12  SCV x2  
  61  7:13  Supply Depot  
  63  7:17  Concussive Shells  
  63  7:19  Bunker  
  63  7:20  SCV  
  63  7:21  Missile Turret, Marine x5  
  63  7:22  Marine  
  70  7:28  Siege Tank  
  70  7:29  Medivac  
  74  7:32  Starport  
  74  7:38  Marine  
  74  7:41  SCV x2  
  74  7:43  SCV, Missile Turret, Marine x4  
  82  7:49  Marine  
  83  7:53  Command Center  
  83  7:56  Marine  
  84  8:00  Siege Tank  
  84  8:01  Medivac  
  89  8:07  Missile Turret  
  89  8:11  Starport Tech Lab  
  89  8:19  Supply Depot  
  77  8:29  Missile Turret  
  77  8:31  Armory  
  73  8:34  Building Armor, Marine x2  
  68  8:35  Marine x4  
  74  8:44  Banshee  
  70  8:51  Barracks  
  70  8:52  Barracks, Marine x2  
  70  8:57  Marine x2  
  70  8:58  Marine x2  
  70  8:59  Medivac  
  76  9:03  Supply Depot  
  76  9:05  Supply Depot  
  76  9:08  Refinery, Orbital Command  
  76  9:27  Siege Tank  
  76  9:30  Marine x4  
  76  9:31  Marine  
  84  9:35  Medivac  
  86  9:39  Marine x3  
  86  9:43  SCV  
  90  9:46  Command Center  
  90  9:48  Marine x5  
  95  9:56  SCV  
  95  9:57  Marine x3  
  99  10:01  Raven  
  99  10:06  Marine x5  
  105  10:09  Refinery  
  105  10:11  Supply Depot  
  105  10:13  Siege Tank  
  103  10:14  Marine  
  103  10:15  Marine  
  103  10:16  Missile Turret  
  102  10:22  Marine  
  102  10:23  Marine  
  102  10:24  Marine x3  
  107  10:32  Starport Reactor  
  107  10:38  Terran Infantry Weapons Level 2  
  107  10:42  Supply Depot  
  107  10:47  Terran Vehicle And Ship Armor Level 1  
  107  10:49  SCV x3, Marine  
  107  10:50  Marine x6  
  107  10:51  Marine  
  115  10:57  Orbital Command  
  111  11:05  Medivac  
  111  11:07  Marine x2  
  111  11:08  Refinery, Marine x3  
  111  11:10  Siege Tank  
  116  11:12  Marine x3  
  116  11:21  Barracks  
  116  11:25  Marine x3  
  116  11:26  Barracks Tech Lab, Marine  
  116  11:30  Marauder, Marine x2  
  124  11:41  Supply Depot, Medivac  
  124  11:42  Siege Tank  
  124  11:43  Marine x4  
  133  11:47  Medivac  
  133  11:52  Marauder  
  133  11:53  Supply Depot  
  137  11:55  Marine  
  137  11:56  SCV, Orbital Command  
  137  11:57  SCV, Marine x2, Medivac  
  137  12:01  Marine x2  
  146  12:10  Marine  
  146  12:11  Marine  
  146  12:13  Marine, Marauder  
  151  12:16  SCV x3, Marine  
  151  12:17  Marine x2  
  151  12:19  Marine  
  158  12:31  Marauder  
  158  12:34  Marauder  
  161  12:44  Missile Turret  
  161  12:49  SCV x4, Marine x2  
  161  12:50  Marine  
  161  12:51  Marine x2  
  168  12:53  Marauder  
  168  12:54  Marine x2  
  168  12:56  Medivac, Marauder  
  177  13:00  Raven  
  177  13:04  Missile Turret  
  179  13:11  Marine  
  179  13:12  Siege Tank  
  183  13:14  Marauder  
  183  13:17  Marauder  
  185  13:22  Supply Depot  
  157  13:28  Missile Turret  
  157  13:29  Marine x2  
  157  13:30  Marine x5  
  164  13:36  Marauder  
  164  13:39  Marauder  
  164  13:40  SCV  
  169  13:47  Bunker, Marine x3  
  169  13:48  Marine  
  173  13:50  Missile Turret  
  173  13:57  Marauder  
  173  13:58  Marine x2  
  173  13:59  Marine  
  173  14:00  Siege Tank, Marauder  
  173  14:01  Medivac  
  173  14:02  Medivac  
  187  14:08  Marine  
  187  14:09  Marine x3  
  193  14:15  Marine  
  193  14:16  Marine  
  193  14:18  Marauder  
  193  14:21  Marauder  
  197  14:26  Marine x2  
  197  14:27  Marine  
  200  14:33  Viking  
  199  14:42  SCV  
  199  14:43  Orbital Command  
  200  14:52  Command Center  
  200  14:53  Command Center  
  199  15:06  Missile Turret  
  199  15:13  Marine  
  199  15:22  SCV  
  199  15:26  Marauder x2, Marine x2  
  199  15:27  Marine x3  
  199  15:28  Siege Tank, Missile Turret, Marine  
  165  15:30  Viking x3  
  165  15:31  Marine  
  165  15:34  SCV  
  144  15:43  Marine  
  144  15:44  Marine x3  
  144  15:45  Marine x2  
  144  15:47  Marauder x2  
  144  15:48  SCV  
  144  15:49  Marine  
  142  15:50  Missile Turret  
  139  16:00  Viking x2, Siege Tank  
  139  16:01  Marine  
  139  16:02  Marine x3  
  139  16:03  Marine x2  
  144  16:07  Marine  
  144  16:08  Marauder x2  
  144  16:09  Viking  
  146  16:14  Missile Turret  
  146  16:19  SCV x2, Marine  
  146  16:20  Marine x4  
  146  16:21  Marine  
  146  16:25  Marine  
  155  16:30  Marauder x2, Viking, Medivac  
  166  16:32  Siege Tank  
  166  16:35  Missile Turret  
  166  16:37  Marine x2  
  166  16:38  Marine x3  
  166  16:39  Marine  
  172  16:47  Marine  
  172  16:51  Marauder x2  
  174  16:55  SCV, Marine x2  
  174  16:56  Marine x3  
  174  16:57  Marine  
  174  16:59  Medivac  
  182  17:05  Marine  
  183  17:09  Viking  
  183  17:12  Viking, Marine  
  183  17:13  Marine, Marauder x2  
  183  17:14  Marine x2  
  195  17:20  Orbital Command  
  195  17:29  Raven  
  197  17:34  Marauder  
  197  18:11  Planetary Fortress  
  197  18:14  Refinery  
  197  18:15  Refinery  
  197  18:22  Marine  
  197  18:23  Marine x2  
  200  18:31  Terran Infantry Weapons Level 3  
  200  18:35  Terran Vehicle And Ship Armor Level 2  
  200  18:41  Engineering Bay  
  200  18:53  Ghost Academy  
  200  19:22  Missile Turret  
  200  19:41  Command Center  
  200  19:42  Missile Turret  
  198  19:46  Command Center  
  198  19:54  Siege Tank  
  196  20:29  Marine x4  
  188  20:44  Viking  
  188  20:46  Siege Tank, Marine x2  
  188  20:47  Marine x2  
  193  21:04  Marine x2  
  188  21:20  Marine  
  166  22:38  Orbital Command  
  166  22:43  Engineering Bay  
  166  22:51  Command Center  
  166  22:53  Engineering Bay  
  166  22:55  Engineering Bay  
  151  23:09  Planetary Fortress  
  151  23:10  Marine x4  
  114  23:16  Orbital Command  
  90  23:28  Marine x3  
  66  23:46  Marine x3  
  66  23:53  Factory  
  65  24:02  Planetary Fortress  
  60  24:03  Marine x3  
  61  24:21  Marine x3  
  61  24:23  Refinery  
  63  24:25  Refinery  
  63  24:26  Terran Infantry Armor Level 2  
  63  24:38  Starport  
  63  24:39  Marine  
  63  24:40  Widow Mine  
  63  24:42  Marine x2  
  66  24:57  Marine  
  66  24:59  Barracks  
  67  25:03  Barracks  
  67  25:07  Hi-Sec Auto Tracking, Marine x2  
  67  25:08  Widow Mine  
  71  25:15  SCV x2, Marine  
  71  25:16  Medivac  
  76  25:25  Marine x2  
  78  25:29  Factory  
  78  25:43  Marine x3  
  78  25:46  Factory Tech Lab  
  81  25:57  Medivac  
  81  26:01  Marine  
  82  26:11  Siege Tank  
  83  26:12  Widow Mine  
  83  26:30  Orbital Command  
  83  26:31  Supply Depot x2  
  83  26:32  Supply Depot  
  81  26:33  Supply Depot  
  81  26:34  Starport Tech Lab  
  81  26:37  Supply Depot x2  
  81  26:38  Supply Depot  
  81  26:41  Marine x5  
  81  26:45  Siege Tank  
  89  26:49  Widow Mine  
  91  26:58  Marine, Medivac  
  94  27:03  Marine x3  
  94  27:04  Marine  
  98  27:10  Barracks  
  98  27:13  Barracks  
  98  27:16  Marine  
  98  27:17  Siege Tank, Widow Mine  
  98  27:21  Marine x3  
  107  27:28  Medivac  
  109  27:42  Marine x4  
  109  27:43  Marine  
  114  27:46  Widow Mine  
  114  27:49  Siege Tank  
  119  27:56  Marine  
  120  28:00  Marine x2  
  122  28:07  Marine x4  
  126  28:14  Widow Mine, Marine  
  126  28:18  Medivac  
  131  28:20  Marine x2  
  131  28:21  Siege Tank  
  131  28:24  Barracks  
  131  28:25  Marine x3  
  139  28:34  Marine x2  
  140  28:37  Marine  
  140  28:40  Marine  
  143  28:42  Marine  
  143  28:43  Widow Mine, Marine  
  143  28:48  Medivac  
  147  28:53  Siege Tank  
  150  28:56  Marine  
  150  28:57  Marine x3  
  150  28:58  Marine  
  150  29:00  Marine x2  
  157  29:11  Widow Mine  
  157  29:14  Armory  
  157  29:16  Marine x5  
  157  29:17  Marine  
  164  29:18  Marine x2, Medivac  
  165  29:25  Siege Tank  
  157  29:33  Marine  
  157  29:34  Marine  
  157  29:35  Marine x4  
  157  29:36  Marine x2  
  158  29:40  Barracks, Widow Mine  
  159  29:48  Viking  
  159  29:51  Marine  
  159  29:52  Marine x2  
  162  29:53  Marine  
  162  29:59  Marine x4  
  171  30:08  Widow Mine  
  171  30:09  Marine x2  
  171  30:10  Supply Depot, Marine  
  176  30:15  Supply Depot  
  176  30:16  Thor  
  176  30:18  Viking  
  181  30:24  Terran Vehicle Weapons Level 1  
  181  30:34  Marine  
  181  30:35  Marine x6  
  185  30:36  Marine x2  
  185  30:39  SCV, Widow Mine  
  193  30:48  Medivac  
  195  30:52  Marine x2  
  195  30:53  Marine x3  
  200  31:26  Missile Turret  
  200  31:30  Missile Turret  
  200  31:32  Missile Turret  
  200  32:23  Marine x2  
  200  32:24  Marine x3  
  200  32:25  Marine x2  
  200  32:26  Marine x2  
  189  32:31  Siege Tank  
  189  32:32  Widow Mine  
  189  32:34  Medivac  
  184  32:41  Marine x4  
  184  32:42  Marine x2  
  184  32:43  Marine  
  187  32:44  Marine x2  
  186  32:59  Marine x5  
  186  33:00  Marine x2  
  186  33:01  Widow Mine  
  186  33:02  Marine x2  
  186  33:03  Thor  
  186  33:04  Medivac  
  200  33:17  Marine  
  200  34:10  Barracks Tech Lab  
  193  34:20  Marine  
  193  34:21  Marine  
  100  34:54  Ghost Academy  
  100  34:55  Marine x2  
  100  34:56  Marine x3  
  100  34:57  Marine x3  
  100  34:58  Marauder  
  102  35:04  Siege Tank  
  102  35:05  Widow Mine  
  107  35:07  Medivac  
  107  35:13  Marine x3  
  107  35:14  Missile Turret, Marine x3  
  112  35:15  Missile Turret  
  112  35:19  Missile Turret, Marauder  
  114  35:27  Barracks Tech Lab  
  113  35:31  Marine x3  
  113  35:32  Marine x3  
  113  35:33  Widow Mine  
  120  35:36  Thor  
  120  35:37  Medivac  
  120  35:40  Ghost  
  130  35:45  Ghost  
  132  35:50  Marine x4  
  132  35:51  Marine x2  
  138  36:02  Widow Mine  
  139  36:07  Medivac  
  139  36:08  Ghost, Marine x3  
  145  36:13  Ghost  
  147  36:19  Siege Tank  
  150  36:35  Marine x2  
  150  36:36  Marine  
  150  36:37  Ghost  
  153  36:42  Ghost  
  154  36:51  Thor  
  160  37:05  Ghost  
  151  37:10  Ghost, Marine  
  151  37:34  Ghost  
  151  37:39  Ghost  
  142  38:02  Ghost  
  144  38:07  Ghost  
  123  38:43  Nuke